 Dungeon Crawl Stone Soup version 0.20-a0-1040-gfd09691 (webtiles) character file.

557 Alarkh the Magician (level 7, 20/46 HPs)
             Began as a Mummy Necromancer on Apr 23, 2017.
             Quit the game on level 5 of the Dungeon.
             The game lasted 00:04:59 (4561 turns).

Alarkh the Magician (Mummy Necromancer)             Turns: 4561, Time: 00:04:59

Health: 20/46      AC:  6    Str: 12    XL:     7   Next: 9%
Magic:  16/16      EV: 12    Int: 16    God:
Gold:   272        SH:  0    Dex: 16    Spells: 14/18 levels left

rFire    x . .     SeeInvis .   a - +0 falchion
rCold    + . .     Gourm    .   (no shield)
rNeg     + + +     Faith    .   l - +0 robe
rPois    ∞         Spirit   .   t - +2 helmet
rElec    .         Reflect  .   (no cloak)
rCorr    .         Harm     .   p - +0 pair of gloves
MR       .....                  (no boots)
Stlth    ++........             (no amulet)
Regen    0.2/turn               o - ring of flight
MPRegen  0.2/turn               q - +4 ring of dexterity

@: no status effects
A: no food or potions, fire vulnerability, cold resistance 1, negative energy
resistance 3, torment resistance, unbreathing
a: Evoke Flight


You were on level 5 of the Dungeon.
You were not hungry.

You visited 1 branch of the dungeon, and saw 5 of its levels.

You collected 272 gold pieces.

Inventory:

Hand Weapons
 a - a +0 falchion (weapon)
 r - a +0 spear
Armour
 l - a +0 robe (worn)
 p - a +0 pair of gloves (worn)
 t - a +2 helmet (worn)
Jewellery
 o - a ring of flight (left hand)
 q - a +4 ring of dexterity (right hand)
Wands
 j - a wand of disintegration (4/24)
Scrolls
 c - 4 scrolls of recharging
 d - 3 scrolls of teleportation
 e - 3 scrolls of identify
 f - a scroll of fog
 g - 2 scrolls of remove curse {unknown}
 h - 2 scrolls of blinking
 i - a scroll of magic mapping {unknown}
 k - 2 scrolls of fear {unknown}
 m - a scroll of enchant armour {unknown}
 n - 2 scrolls of amnesia {unknown}
Books
 b - a book of Necromancy

   Spells                             Type                      Level
   a - Pain                           Necromancy                   1
   b - Animate Skeleton               Necromancy                   1
   c - Vampiric Draining              Necromancy                   3
   d - Regeneration                   Charms/Necromancy            3
   e - Animate Dead                   Necromancy                   4
   f - Control Undead                 Necromancy                   4


   Skills:
 * Level 2.9 Long Blades
 - Level 1.5 Dodging
 - Level 1.5 Stealth
 + Level 6.1 Spellcasting
 + Level 6.1 Necromancy


You had 14 spell levels left.
You knew the following spells:

 Your Spells              Type           Power        Failure   Level  Hunger
a - Pain                  Necr           ###.         1%          1    N/A
b - Vampiric Draining     Necr           ###.......   3%          3    N/A

Dungeon Overview and Level Annotations

Branches:
Dungeon (5/15)
 Temple: D:4-7

Altars:

Shops:
D:5 [

Annotations:
D:4 1 exclusion


Innate Abilities, Weirdness & Mutations

You do not eat or drink.
Your flesh is vulnerable to fire.
You are immune to poison.
Your flesh is cold resistant. (rC+)
You are immune to negative energy. (rN+++)
You are immune to unholy pain and torment.
You can survive without breathing.


Message History

Aiming: Pain
Press: ? - help, Shift-Dir - straight line, f/p - orc
Aim: an orc, wearing a leather armour (heavily wounded, chance to defeat MR: 93%)
The orc writhes in agony!
The orc hits you but does no damage.
Casting: Pain
Confirm with . or Enter, or press ? or * to list all spells.
Aiming: Pain
Press: ? - help, Shift-Dir - straight line, f/p - orc
Aim: an orc, wearing a leather armour (almost dead, chance to defeat MR: 93%)
The orc writhes in agony!
You kill the orc!
Casting: Pain
Confirm with . or Enter, or press ? or * to list all spells.
You can't see any susceptible monsters within range! (Use Z to cast anyway.)
You start resting.
You start resting.
Magic restored.
Are you sure you want to abandon this character and quit the game? (Confirm with "yes".)
Okay, then.
Are you sure you want to abandon this character and quit the game? (Confirm with "yes".)

### ..# ##########...
#.# #...?........ #.#
#............ #.#
#.....$.....# ####.#
#...........# .....#####
#(..........#
.........###...........#
########...)....@))....#
.. #..##....[[.....#
####.###[.#............#
.......#..#............#
####.#.#..#.#+#######...
# #..#. ## # #..#. #
#..#.


There were no monsters in sight!

Vanquished Creatures
  An ice beast (D:5)
  An ogre (D:5)
  A scorpion (D:4)
  3 orc priests
  A bullfrog skeleton (D:5)
  Jessica (D:3)
  An orc wizard (D:4)
  Robin (D:3)
  6 adders
  3 oozes
  An adder skeleton (D:4)
  3 worms
  A dart slug (D:3)
  4 leopard geckos (D:4)
  7 orcs
  3 ball pythons
  5 bats (D:1)
  2 giant cockroaches
  15 goblins
  3 hobgoblins
  2 quokkas
  6 frilled lizards
  6 kobolds
  7 rats
84 creatures vanquished.

Notes
Turn   | Place    | Note
-------+----------+-------------------------------------------
     0 | D:1      | Alarkh the Mummy Necromancer began the quest for the Orb.
     0 | D:1      | Reached XP level 1. HP: 13/13 MP: 4/4
   347 | D:1      | Reached XP level 2. HP: 19/19 MP: 4/6
  1224 | D:2      | Reached XP level 3. HP: 21/24 MP: 1/8
  1229 | D:2      | Learned a level 3 spell: Vampiric Draining
  1957 | D:2      | Reached XP level 4. HP: 29/30 MP: 5/10
  2007 | D:2      | Reached skill level 5 in Necromancy
  2339 | D:3      | Noticed Robin
  2718 | D:3      | Noticed Jessica
  2723 | D:3      | Killed Jessica
  2723 | D:3      | Reached XP level 5. HP: 35/35 MP: 8/12
  2822 | D:3      | Reached skill level 5 in Spellcasting
  3004 | D:3      | Killed Robin
  3402 | D:4      | Reached skill level 1 in Long Blades
  4095 | D:4      | Reached XP level 6. HP: 41/41 MP: 7/14
  4268 | D:5      | Entered Level 5 of the Dungeon
  4396 | D:5      | Noticed an ice beast
  4401 | D:5      | Killed an ice beast
  4443 | D:5      | Found Cesygub's Antique Armour Emporium.
  4472 | D:5      | Reached XP level 7. HP: 7/46 MP: 9/16
  4561 | D:5      | Quit the game

Vault maps used:
D:1:      onia_arrival_mini_maze, roderic_bipointed_swastika
D:2:      first_bread, serial_bayou_pond_b, minmay_misc_feat_nine_boxes
D:3:      hangedman_decor_push, uniq_robin, uniq_jessica
D:4:      due_unseen_surprise
D:5:      kennysheep_mini_moat, minmay_temple_entry_enclosed_plants,
          serial_shops, shop, bloody_trog

Skill      XL: |  1  2  3  4  5  6 |
---------------+-------------------+-----
Spellcasting   | 3 4 5 6 |  6.1
Necromancy     | 5 6 |  6.1
Long Blades    | 1 2 |  2.9
Dodging        | |  1.5
Stealth        | |  1.5

Action                   |  1- 3 |  4- 6 |  7- 9 || total
-------------------------+-------+-------+-------++-------
Melee: Unarmed           |     6 |       |       ||     6
       Spear             |     2 |     7 |       ||     9
       Falchion          |       |    28 |       ||    28
 Cast: Pain              |    68 |   113 |     8 ||   189
Evoke: Wand              |     1 |     1 |       ||     2
  Use: Scroll            |     4 |     1 |       ||     5
Armor: Robe              |     2 |    14 |     3 ||    19
Dodge: Dodged            |    20 |    62 |     6 ||    88
       Rpst.: Falchion   |       |    13 |     2 ||    15
